 Dungeon Crawl Stone Soup version 0.22-a0-78-g0f8607c (webtiles) character file.

35 Kidiri the Magician (level 3, -7/19 HPs)
             Began as a Deep Elf Fire Elementalist on Jan 16, 2018.
             Mangled by a worm (12 damage)
             ... on level 2 of the Dungeon.
             The game lasted 00:04:00 (933 turns).

Kidiri the Magician (Deep Elf Fire Elementalist)     Turns: 933, Time: 00:04:01

Health: -7/19      AC:  3    Str:  5    XL:     3   Next: 17%
Magic:  0/10       EV: 13    Int: 20    God:
Gold:   77         SH:  0    Dex: 15    Spells: 1/10 levels left

rFire    . . .     SeeInvis .   h - +0 dagger
rCold    . . .     Gourm    .   (no shield)
rNeg     . . .     Faith    .   a - +1 robe
rPois    .         Spirit   .   (no helmet)
rElec    .         Reflect  .   (no cloak)
rCorr    .         Harm     .   (no gloves)
MR       .....                  (no boots)
Stlth    ++........             (no amulet)
HPRegen  0.06/turn              (no ring)
MPRegen  0.12/turn              (no ring)

@: very slightly contaminated
A: no striking features
a: no special abilities


You were on level 2 of the Dungeon.
You were not hungry.

You visited 1 branch of the dungeon, and saw 2 of its levels.

You collected 77 gold pieces.

Inventory:

Hand Weapons
 h - a +0 dagger (weapon)
Armour
 a - a +1 robe (worn)
Scrolls
 k - a scroll of fog
Potions
 i - a potion of ambrosia
 j - a potion of agility {unknown}
 m - 2 potions of berserk rage {unknown}
Books
 b - a book of Flames

   Spells                             Type                      Level
   a - Flame Tongue                   Conjuration/Fire             1
   b - Throw Flame                    Conjuration/Fire             2
   c - Conjure Flame                  Conjuration/Fire             3
   d - Inner Flame                    Hexes/Fire                   3
   e - Sticky Flame                   Conjuration/Fire             4
   f - Fireball                       Conjuration/Fire             5
Comestibles
 c - 2 rations
 f - 4 chunks of flesh


   Skills:
 - Level 2.4 Dodging
 - Level 2.4 Stealth
 * Level 4.2 Spellcasting
 + Level 1.9 Conjurations
 + Level 3.6 Fire Magic


You had one spell level left.
You knew the following spells:

 Your Spells              Type           Power        Failure   Level  Hunger
a - Flame Tongue          Conj/Fire      ###..        4%          1    None
b - Throw Flame           Conj/Fire      ###...       6%          2    #......
c - Conjure Flame         Conj/Fire      ###.....     12%         3    ###....
d - Inner Flame           Hex/Fire       ##......     19%         3    ###....


Dungeon Overview and Level Annotations

Branches:
Dungeon (2/15)

Altars:


Message History

You hit the worm but do no damage.
The worm is severely wounded.
You hit the worm.
The worm is almost dead.
The worm bites you!
* * * LOW HITPOINT WARNING * * *
Your magical contamination has completely faded away.
Casting: Flame Tongue
Confirm with . or Enter, or press ? or * to list all spells.
Aiming: Flame Tongue
Press: ? - help, Shift-Dir - straight line, f/p - worm
Aim: a worm (severely wounded)
You miscast Flame Tongue.
You are very lightly contaminated with residual magic.
Nothing appears to happen.
You hit the worm.
The worm is severely wounded.
The worm bites you!
Ouch! That really hurt!
You die...

#.# .## ###.# ###
..##. #....
#......w? #.#.#
#.#)..##. #.#.#
#.)...... #.#.#
#†#
#.###.#.####.# #
#
#.....>.....w##.#
##
#####.####..@...#
)########.#
#.#.##.#
....).....# #.#.#
.. .##########
#.#.# ... ##
#.#.# .. #
######.#.# .
#......#.#
###.######.# ...
#..........# #.#


You could see a worm.

Vanquished Creatures
  An adder (D:2)
  A leopard gecko (D:1)
  4 bats
  A giant cockroach (D:1)
  3 hobgoblins (D:1)
  2 ball pythons (D:1)
  5 goblins
  4 kobolds (D:2)
  4 rats
25 creatures vanquished.

Notes
Turn   | Place    | Note
-------+----------+-------------------------------------------
     0 | D:1      | Kidiri the Deep Elf Fire Elementalist began the quest for the Orb.
     0 | D:1      | Reached XP level 1. HP: 10/10 MP: 6/6
   348 | D:1      | Reached XP level 2. HP: 15/15 MP: 5/8
   352 | D:1      | Learned a level 2 spell: Throw Flame
   906 | D:2      | Reached skill level 4 in Spellcasting
   912 | D:2      | Reached XP level 3. HP: 16/19 MP: 2/10
   918 | D:2      | Learned a level 3 spell: Conjure Flame
   922 | D:2      | Learned a level 3 spell: Inner Flame
   933 | D:2      | Mangled by a worm

Vault maps used:
D:1:      dpeg_arrival_long_road
D:2:      nicolae_overflow_hidden_temple, minmay_pentomino_z2

Skill      XL: |  1  2 |
---------------+-------+-----
Spellcasting   | 4 |  4.2
Dodging        | |  2.4
Stealth        | |  2.4
Conjurations   | |  1.9
Fire Magic     | |  3.6

Action                   || total
-------------------------++-------
Melee: Unarmed           ||     1
       Dagger            ||     9
 Cast: Flame Tongue      ||    38
       Throw Flame       ||     1
  Use: Scroll            ||     6
Armor: Robe              ||     1
Dodge: Dodged            ||    15

Table legend:
 A = Spawn XP
 B = Non-spawn XP
 C = Spawn XP percentage of total XP
 D = Spawn monster count
 E = Non-spawn monster count
 F = Spawn count percentage of total count
 G = Total turns spent on level
                    A         B        C        D         E        F      G
               +---------+---------+-------+---------+---------+-------+---------
         Total |       0 |      51 |   0.0 |       0 |      25 |   0.0 |   933
               +---------+---------+-------+---------+---------+-------+---------
           D:1 |       0 |      24 |   0.0 |       0 |      14 |   0.0 |   734
           D:2 |       0 |      27 |   0.0 |       0 |      11 |   0.0 |   199
               +---------+---------+-------+---------+---------+-------+---------
